 Dungeon Crawl Stone Soup version 0.21-a0-243-g597973d (webtiles) character file.

5 Blomdor the Magician (level 1, 0/15 HPs)
             Began as a Barachi Wizard on Sept 5, 2017.
             Slain by a jackal (3 damage)
             ... on level 1 of the Dungeon.
             The game lasted 00:00:56 (181 turns).

Blomdor the Magician (Barachi Wizard)                Turns: 181, Time: 00:00:56

Health: 0/15       AC:  2    Str:  8    XL:     1   Next: 80%
Magic:  4/4        EV: 18    Int: 18    God:
Gold:   15         SH:  0    Dex: 15    Spells: 5/6 levels left

rFire    + . .     SeeInvis .   i - +0 spear
rCold    + . .     Gourm    .   (no shield)
rNeg     . . .     Faith    .   a - +0 robe
rPois    +         Spirit   .   b - +0 hat
rElec    +         Reflect  .   (no cloak)
rCorr    +         Harm     .   (no gloves)
MR       .....                  (no boots)
Stlth    +++.......             (no amulet)
HPRegen  0.05/turn              (no ring)
MPRegen  0.09/turn              (no ring)

@: agile, resistant, can't hop, slow
A: +LOS, swims, slowness 1, strong legs 1
a: Hop


You were on level 1 of the Dungeon.
You were not hungry.

You visited 1 branch of the dungeon, and saw 1 of its levels.

You collected 15 gold pieces.

Inventory:

Hand Weapons
 i - a +0 spear (weapon)
Missiles
 f - 2 curare-tipped needles
Armour
 a - a +0 robe (worn)
 b - a +0 hat (worn)
Scrolls
 e - a scroll of amnesia {unknown}
Books
 c - a book of Minor Magic

   Spells                             Type                      Level
   a - Magic Dart                     Conjuration                  1
   b - Blink                          Translocation                2
   c - Call Imp                       Summoning                    2
   d - Slow                           Hexes                        2
   e - Conjure Flame                  Conjuration/Fire             3
   f - Mephitic Cloud                 Conjuration/Poison/Air       3
Comestibles
 d - a bread ration


   Skills:
 + Level 1.6 Fighting
 - Level 2.1 Dodging
 - Level 1.7 Stealth
 - Level 3.2 Spellcasting
 - Level 1.1 Conjurations
   Level 1.2 Summonings
   Level 1.1 Translocations


You had 5 spell levels left.
You knew the following spells:

 Your Spells              Type           Power        Failure   Level  Hunger
a - Magic Dart            Conj           #...         10%         1    None


Dungeon Overview and Level Annotations

Branches:
Dungeon (1/15)

Altars:


Innate Abilities, Weirdness & Mutations

Shadows flee at your approach. (+LOS)
You can swim through water.
You cover ground slowly.
You can hop short distances.


Message History

The jackal splashes around in the water.
The jackal barely misses you.
You hit the jackal.
The jackal is heavily wounded.
The jackal barely misses you. The jackal closely misses you.
The jackal misses you.
You miss the jackal.
The jackal is heavily wounded.
The jackal closely misses you.
The jackal bites you but does no damage.
The jackal misses you.
You barely miss the jackal.
The jackal is heavily wounded.
The jackal closely misses you. The jackal completely misses you. x2
The jackal closely misses you.
You closely miss the jackal.
The jackal is heavily wounded.
The jackal splashes around in the water.
The jackal bites you.
You die...

#.# #$#[#.# #.# #.#.#.#
#.# #...P.# #.# #.P...#
#.####....P#
#.....P≈♣P.♣##
#.###.†≈≈≈..P#
###########.#..♣hh≈♣...#
............#..P@♣≈≈≈P..#
##########..#...≈≈≈≈♣≈..#
#..#.#..≈≈≈≈≈.?#
#.....♣..≈≈≈...#
#......P..P..P.#
#.......P....#.#
#......#.♣P..#.#
#....†.#.##PP# #
#.##.###.# ###


You could see 2 jackals.

Vanquished Creatures
  A giant cockroach (D:1)
  2 jackals (D:1)
  A kobold (D:1)
4 creatures vanquished.

Notes
Turn   | Place    | Note
-------+----------+-------------------------------------------
     0 | D:1      | Blomdor the Barachi Wizard began the quest for the Orb.
     0 | D:1      | Reached XP level 1. HP: 13/13 MP: 4/4
    96 | D:1      | Reached skill level 1 in Fighting
   181 | D:1      | Slain by a jackal

Vault maps used:
D:1:      dpeg_arrival_tiny_a, serial_bayou_pond_a,
          minmay_misc_feat_more_columns

Skill      XL: |  1 |
---------------+----+-----
Fighting       | 1 |  1.6
Dodging        | |  2.1
Stealth        | |  1.7
Spellcasting   | |  3.2
Conjurations   | |  1.1
Summonings     | |  1.2
Translocations | |  1.1

Action                   || total
-------------------------++-------
Melee: Spear             ||    19
       Unarmed           ||    12
 Cast: Magic Dart        ||     4
 Abil: Hop               ||     1
  Use: Potion            ||     2
Armor: Robe              ||     8
Dodge: Dodged            ||    36

Table legend:
 A = Spawn XP
 B = Non-spawn XP
 C = Spawn XP percentage of total XP
 D = Spawn monster count
 E = Non-spawn monster count
 F = Spawn count percentage of total count
 G = Total turns spent on level
                    A         B        C        D         E        F      G
               +---------+---------+-------+---------+---------+-------+---------
         Total |       0 |       8 |   0.0 |       0 |       4 |   0.0 |   181
               +---------+---------+-------+---------+---------+-------+---------
           D:1 |       0 |       8 |   0.0 |       0 |       4 |   0.0 |   181
               +---------+---------+-------+---------+---------+-------+---------
